 Dungeon Crawl Stone Soup version 0.22-a0-147-gfdd7f25 (webtiles) character file.

771 varam the Charmwright (level 7, -3/56 HPs)
             Began as a Gnoll Skald on Feb 6, 2018.
             Was a Follower of Sif Muna.
             Slain by an ice beast (12 damage)
             ... on level 5 of the Dungeon.
             The game lasted 00:12:49 (4345 turns).

varam the Charmwright (Gnoll Skald)                 Turns: 4345, Time: 00:12:50

Health: -3/56      AC:  5    Str: 13    XL:     7   Next: 83%
Magic:  15/15      EV: 14    Int: 18    God:    Sif Muna [*.....]
Gold:   288        SH:  0    Dex: 14    Spells: 6/17 levels left

rFire    . . .     SeeInvis .   u - +2 dagger (venom)
rCold    . . .     Gourm    .   (no shield)
rNeg     . . .     Faith    .   b - +0 leather armour
rPois    .         Spirit   .   (no helmet)
rElec    .         Reflect  .   s - +0 cloak
rCorr    .         Harm     .   t - +0 pair of gloves
MR       .....                  (no boots)
Stlth    +.........             o - amulet of magic regeneration
HPRegen  0.18/turn              D - ring of loudness (curse)
MPRegen  0.39/turn              (no ring)

@: singing (expiring)
A: distributed training, fangs 1, strong nose
a: Divine Energy, Renounce Religion


You were on level 5 of the Dungeon.
You worshipped Sif Muna.
Sif Muna was aware of your devotion.
You were not hungry.

You visited 1 branch of the dungeon, and saw 5 of its levels.

You collected 288 gold pieces.

Inventory:

Hand Weapons
 f - a +4 dagger
 k - a +1 spear of venom
 u - a +2 dagger of venom (weapon)
 w - a +0 hand axe of flaming
 y - a +0 dagger of draining
Missiles
 p - a throwing net
 v - 130 stones
 x - 13 tomahawks (quivered)
Armour
 b - a +0 leather armour (worn)
 s - a +0 cloak (worn)
 t - a +0 pair of gloves (worn)
Jewellery
 o - an amulet of magic regeneration (around neck)
 D - a cursed ring of loudness (left hand)
Wands
 q - a wand of acid (12)
 B - a wand of random effects (32)
Scrolls
 a - a scroll of immolation {unknown}
 e - a scroll of remove curse
 g - 9 scrolls of identify {unknown}
 j - 3 scrolls of teleportation
 l - a scroll of amnesia {unknown}
Potions
 i - a potion of flight {unknown}
 m - a potion of agility {unknown}
 n - a potion of might {unknown}
 r - a potion of magic {unknown}
 z - a potion of degeneration {unknown}
 A - a potion of curing
 C - 2 potions of brilliance {unknown}
Books
 c - a book of Battle

   Spells                             Type                      Level
   a - Infusion                       Charms                       1
   b - Shroud of Golubria             Charms/Translocation         2
   c - Song of Slaying                Charms                       2
   d - Spectral Weapon                Hexes/Charms                 3
   e - Regeneration                   Charms/Necromancy            3
Comestibles
 d - 10 rations
 h - 7 chunks of flesh


   Skills:
 + Level 5.3 Fighting
 + Level 2.7 Short Blades
 + Level 2.7 Long Blades
 + Level 2.7 Axes
 + Level 5.3 Maces & Flails
 + Level 2.7 Polearms
 + Level 2.7 Staves
 + Level 2.7 Slings
 + Level 2.7 Bows
 + Level 2.7 Crossbows
 + Level 2.7 Throwing
 + Level 3.8 Armour
 + Level 5.3 Dodging
 + Level 2.7 Stealth
 + Level 2.7 Shields
 + Level 2.7 Unarmed Combat
 + Level 5.7 Spellcasting
 + Level 2.2 Conjurations
 + Level 2.2 Hexes
 + Level 5.9 Charms
 + Level 2.2 Summonings
 + Level 2.2 Necromancy
 + Level 2.2 Translocations
 + Level 2.2 Transmutations
 + Level 2.2 Fire Magic
 + Level 2.2 Ice Magic
 + Level 2.2 Air Magic
 + Level 2.2 Earth Magic
 + Level 2.2 Poison Magic
 + Level 3.0 Invocations
 + Level 2.7 Evocations


You had 6 spell levels left.
You knew the following spells:

 Your Spells              Type           Power        Failure   Level  Hunger
a - Infusion              Chrm           ####         1%          1    None
b - Song of Slaying       Chrm           ####....     1%          2    None
c - Shroud of Golubria    Chrm/Tloc      ###.......   4%          2    None
d - Regeneration          Chrm/Necr      ###.......   9%          3    ##.....
e - Spectral Weapon       Hex/Chrm       ###.....     9%          3    ##.....


Dungeon Overview and Level Annotations

Branches:
Dungeon (5/15)             Temple (0/1) D:5

Altars:
Fedhas
Gozag
Hepliaklqana
Qazlal
Sif Muna
Vehumet

Shops:
D:5 !

Annotations:
D:4 exclusion: oklob plant
D:5 exclusion: statue


Innate Abilities, Weirdness & Mutations

Your experience applies equally to all skills.
You have very sharp teeth.
Your uncanny sense of smell can sniff out nearby items.


Message History

You bite the ice beast, but do no damage.
The ice beast is heavily wounded.
The ice beast barely misses you.
You completely miss the ice beast.
The ice beast is heavily wounded.
The ice beast hits you. The ice beast freezes you.
You are no longer magically infusing your attacks.
You hit the ice beast but do no damage.
The ice beast is severely wounded.
The ice beast hits you. The ice beast freezes you!
* * * LOW HITPOINT WARNING * * *
The ice beast looks more healthy.
Your song is almost over.
There is a stone staircase leading up here.
You hit the ice beast.
The ice beast is severely wounded.
The ice beast hits you.
* * * LOW HITPOINT WARNING * * *
The ice beast freezes you!
You die...

# #.# ##.######### #.#..... ###.#
##..........####....._.
....#######...#######......#.....
............#.# ######.######
###########...## #.......
#####..###### #....#.#
#............ #...##
#.##.....#### ###.# #
##.#....Y@.## #.#
########...........# #.#
..........#.......## #.#
#######..###.<...## #.# # #..#
##...## #.# # #..# ##.## #.# #
#.....# ### #.# # #.###.# #.# #
#.# #.# ..<


You could see an ice beast.

Vanquished Creatures
  A sky beast (D:5)
  An ogre (D:4)
  A scorpion (D:4)
  An orc priest (D:3)
  A bullfrog skeleton (D:5)
  7 orc wizards
  A worker ant (D:4)
  A hound skeleton (D:5)
  7 adders
  8 gnolls (D:3)
  A shadow imp (D:5)
  An ooze (D:2)
  A worm (D:5)
  3 dart slugs
  A leopard gecko (D:1)
  15 orcs
  5 giant cockroaches
  6 goblins
  6 hobgoblins
  7 jackals
  6 kobolds
  2 quokkas
  A ball python (D:3)
  8 bats
  6 frilled lizards
  2 quokka skeletons
  8 rats
108 creatures vanquished.

Notes
Turn   | Place    | Note
-------+----------+-------------------------------------------
     0 | D:1      | varam the Gnoll Skald began the quest for the Orb.
     0 | D:1      | Reached XP level 1. HP: 20/20 MP: 6/6
   146 | D:1      | Reached XP level 2. HP: 18/26 MP: 7/7
   446 | D:1      | Reached XP level 3. HP: 31/31 MP: 9/9
   509 | D:1      | Reached skill level 5 in Spellcasting
   851 | D:2      | Found a deep blue altar of Sif Muna.
   857 | D:2      | Reached skill level 1 in Invocations
   867 | D:2      | Became a worshipper of Sif Muna the Loreminder
   874 | D:2      | Found a hazy altar of Hepliaklqana.
   943 | D:2      | Reached skill level 1 in Short Blades
   943 | D:2      | Reached skill level 1 in Long Blades
   943 | D:2      | Reached skill level 1 in Axes
   943 | D:2      | Reached skill level 1 in Polearms
   943 | D:2      | Reached skill level 1 in Staves
   943 | D:2      | Reached skill level 1 in Slings
   943 | D:2      | Reached skill level 1 in Bows
   943 | D:2      | Reached skill level 1 in Crossbows
   943 | D:2      | Reached skill level 1 in Throwing
   943 | D:2      | Reached skill level 1 in Stealth
   943 | D:2      | Reached skill level 1 in Shields
   943 | D:2      | Reached skill level 1 in Unarmed Combat
   943 | D:2      | Reached skill level 1 in Evocations
   970 | D:2      | Learned a level 2 spell: Song of Slaying
  1100 | D:2      | Reached XP level 4. HP: 25/38 MP: 8/11
  1685 | D:3      | Reached skill level 1 in Conjurations
  1685 | D:3      | Reached skill level 1 in Hexes
  1685 | D:3      | Reached skill level 1 in Summonings
  1685 | D:3      | Reached skill level 1 in Necromancy
  1685 | D:3      | Reached skill level 1 in Translocations
  1685 | D:3      | Reached skill level 1 in Transmutations
  1685 | D:3      | Reached skill level 1 in Fire Magic
  1685 | D:3      | Reached skill level 1 in Ice Magic
  1685 | D:3      | Reached skill level 1 in Air Magic
  1685 | D:3      | Reached skill level 1 in Earth Magic
  1685 | D:3      | Reached skill level 1 in Poison Magic
  1849 | D:3      | Reached XP level 5. HP: 35/43 MP: 8/12
  2273 | D:3      | Reached skill level 3 in Armour
  2370 | D:3      | Reached XP level 6. HP: 7/50 MP: 7/13
  2372 | D:3      | HP: 5/50 [kobold/stone (3)]
  2534 | D:3      | HP: 5/50 [orc priest/whip (6)]
  2670 | D:3      | Reached skill level 2 in Invocations
  2752 | D:3      | Learned a level 3 spell: Regeneration
  3278 | D:4      | Reached skill level 5 in Fighting
  3278 | D:4      | Reached skill level 5 in Maces & Flails
  3278 | D:4      | Reached skill level 5 in Dodging
  3495 | D:4      | Reached skill level 2 in Short Blades
  3495 | D:4      | Reached skill level 2 in Long Blades
  3495 | D:4      | Reached skill level 2 in Axes
  3495 | D:4      | Reached skill level 2 in Polearms
  3495 | D:4      | Reached skill level 2 in Staves
  3495 | D:4      | Reached skill level 2 in Slings
  3495 | D:4      | Reached skill level 2 in Bows
  3495 | D:4      | Reached skill level 2 in Crossbows
  3495 | D:4      | Reached skill level 2 in Throwing
  3495 | D:4      | Reached skill level 2 in Stealth
  3495 | D:4      | Reached skill level 2 in Shields
  3495 | D:4      | Reached skill level 2 in Unarmed Combat
  3495 | D:4      | Reached skill level 2 in Evocations
  3527 | D:4      | Reached * piety under Sif Muna
  3536 | D:4      | Reached XP level 7. HP: 54/56 MP: 3/15
  3697 | D:4      | Found a blossoming altar of Fedhas.
  3716 | D:4      | Noticed an oklob plant
  3963 | D:5      | Entered Level 5 of the Dungeon
  4004 | D:5      | Found a radiant altar of Vehumet.
  4008 | D:5      | Learned a level 2 spell: Shroud of Golubria
  4012 | D:5      | Learned a level 3 spell: Spectral Weapon
  4015 | D:5      | Reached skill level 2 in Conjurations
  4015 | D:5      | Reached skill level 2 in Hexes
  4015 | D:5      | Reached skill level 2 in Summonings
  4015 | D:5      | Reached skill level 2 in Necromancy
  4015 | D:5      | Reached skill level 2 in Translocations
  4015 | D:5      | Reached skill level 2 in Transmutations
  4015 | D:5      | Reached skill level 2 in Fire Magic
  4015 | D:5      | Reached skill level 2 in Ice Magic
  4015 | D:5      | Reached skill level 2 in Air Magic
  4015 | D:5      | Reached skill level 2 in Earth Magic
  4015 | D:5      | Reached skill level 2 in Poison Magic
  4076 | D:5      | Found Ucsearih's Distillery.
  4107 | D:5      | Found an opulent altar of Gozag.
  4166 | D:5      | Found a staircase to the Ecumenical Temple.
  4238 | D:5      | Reached skill level 3 in Invocations
  4267 | D:5      | Found a stormy altar of Qazlal.
  4345 | D:5      | Slain by an ice beast

Vault maps used:
D:1:      minmay_arrival_jagged
D:2:      amethyst_overflow_temple_binary
D:4:      first_ration, grunt_ministairs_6, tgw_fedhas
D:5:      grunt_gozag_statues, vehumet_statue, minmay_temple_entry_overgrown,
          serial_shops, shop, basic_altar

Skill      XL: |  1  2  3  4  5  6  7 |
---------------+----------------------+-----
Spellcasting   | 5 |  5.7
Invocations    | 1 2 3 |  3.0
Short Blades   | 1 2 |  2.7
Long Blades    | 1 2 |  2.7
Axes           | 1 2 |  2.7
Polearms       | 1 2 |  2.7
Staves         | 1 2 |  2.7
Slings         | 1 2 |  2.7
Bows           | 1 2 |  2.7
Crossbows      | 1 2 |  2.7
Throwing       | 1 2 |  2.7
Stealth        | 1 2 |  2.7
Shields        | 1 2 |  2.7
Unarmed Combat | 1 2 |  2.7
Evocations     | 1 2 |  2.7
Conjurations   | 1 2 |  2.2
Hexes          | 1 2 |  2.2
Summonings     | 1 2 |  2.2
Necromancy     | 1 2 |  2.2
Translocations | 1 2 |  2.2
Transmutations | 1 2 |  2.2
Fire Magic     | 1 2 |  2.2
Ice Magic      | 1 2 |  2.2
Air Magic      | 1 2 |  2.2
Earth Magic    | 1 2 |  2.2
Poison Magic   | 1 2 |  2.2
Armour         | 3 |  3.8
Fighting       | 5 |  5.3
Maces & Flails | 5 |  5.3
Dodging        | 5 |  5.3
Charms         | |  5.9

Action                   |  1- 3 |  4- 6 |  7- 9 || total
-------------------------+-------+-------+-------++-------
Melee: Mace              |    93 |    39 |       ||   132
       Bite              |     5 |    19 |     9 ||    33
       Dagger            |       |   105 |    74 ||   179
       Spear             |       |     1 |       ||     1
       Punch             |       |       |     1 ||     1
Throw: Tomahawk          |       |       |     4 ||     4
       Stone             |       |       |     2 ||     2
 Cast: Infusion          |     6 |    13 |     6 ||    25
       Song of Slaying   |       |     5 |     2 ||     7
       Shroud of Golubri |       |       |     1 ||     1
  Use: Potion            |       |     5 |       ||     5
       Scroll            |       |     3 |       ||     3
 Stab: Sleeping          |       |       |     1 ||     1
  Eat: Chunk             |     1 |     7 |     3 ||    11
Armor: Leather armour    |    18 |    36 |    16 ||    70
Dodge: Dodged            |    89 |   116 |    30 ||   235

Table legend:
 A = Spawn XP
 B = Non-spawn XP
 C = Spawn XP percentage of total XP
 D = Spawn monster count
 E = Non-spawn monster count
 F = Spawn count percentage of total count
 G = Total turns spent on level
                    A         B        C        D         E        F      G
               +---------+---------+-------+---------+---------+-------+---------
         Total |       0 |    1102 |   0.0 |       0 |     108 |   0.0 |  4345
               +---------+---------+-------+---------+---------+-------+---------
           D:1 |       0 |      38 |   0.0 |       0 |      20 |   0.0 |   769
           D:2 |       0 |      70 |   0.0 |       0 |      19 |   0.0 |   670
           D:3 |       0 |     310 |   0.0 |       0 |      34 |   0.0 |  1583
           D:4 |       0 |     378 |   0.0 |       0 |      17 |   0.0 |   941
           D:5 |       0 |     306 |   0.0 |       0 |      18 |   0.0 |   382
               +---------+---------+-------+---------+---------+-------+---------
